 Dungeon Crawl Stone Soup version 0.30.1-9-gdf580d7c3d (webtiles) character file.

Game seed: 14160170005141211867

51 Ivernyr the Shield-Bearer (level 4, 37/37 HPs)
             Began as a Formicid Fighter on Oct 6, 2023.
             Got out of the dungeon alive.
             The game lasted 00:02:55 (989 turns).

Ivernyr the Shield-Bearer (Formicid Fighter)         Turns: 989, Time: 00:02:56

Health: 37/37      AC:  7    Str: 20    XL:     4   Next: 5%
Magic:  4/4        EV:  9    Int:  8    God:
Gold:   63         SH:  5    Dex: 15    Spells: 3/3 levels left

rFire   + . .        a - +0 long sword
rCold   . . .        c - +0 buckler
rNeg    . . .        b - +0 scale mail
rPois   .            (helmet unavailable)
rElec   .            (no cloak)
rCorr   .            (no gloves)
SInv    +            (no boots)
Will    .....        (no amulet) Stlth
                     i - ring of protection from fire
HPRegen 0.26/turn    (no ring)
MPRegen 0.09/turn

%: no passive effects
@: no status effects
A: permanent stasis, dig shafts and tunnels, antennae 3, four strong arms
a: Dig, Shaft Self


You escaped.
You visited 1 branch of the dungeon, and saw 2 of its levels.

You collected 63 gold pieces.

Inventory:

Hand Weapons
 a - a +0 long sword (weapon)
Armour
 b - a +0 scale mail (worn)
 c - a +0 buckler (worn)
Jewellery
 i - a ring of protection from fire (left hand)
Scrolls
 e - a scroll of immolation {unknown}
 j - 2 scrolls of identify {unknown}
 k - a scroll of fog {unknown}
 l - 4 scrolls of teleportation {unknown}
 m - a scroll of vulnerability {unknown}
 o - a scroll of silence {unknown}
Potions
 d - a potion of might
 f - a potion of brilliance {unknown}
 g - a potion of attraction {unknown}
 h - 2 potions of invisibility {unknown}
 n - a potion of mutation {unknown}


   Skills:
 + Level 3.7 Fighting
 * Level 3.0 Long Blades
 + Level 3.7 Armour
 + Level 4.4 Shields


You had 3 spell levels left.
You didn't know any spells.
Your spell library was empty.

Dungeon Overview and Level Annotations

Branches:
Dungeon (2/15)

Altars:


Innate Abilities, Weirdness & Mutations

You cannot be hasted, slowed, berserked, paralysed or teleported.
You can dig through walls and to a lower floor.
You have a pair of large antennae on your head. (SInv)
Your four strong arms can wield two-handed weapons with a shield.


Message History

An adder comes into view.
The adder hisses angrily.
Things that are here:
a +0 dagger; a stone
Things that are here:
a +0 dagger; a stone You hit the adder.
The adder is moderately wounded.
The adder bites you but does no damage. The adder closely misses you.
You miss the adder.
The adder is moderately wounded.
The adder bites you but does no damage.
You miss the adder.
The adder is moderately wounded.
The adder bites you but does no damage. You block the adder's attack.
You closely miss the adder.
The adder is lightly wounded.
The adder closely misses you. x2
You hit the adder but do no damage.
The adder is lightly wounded.
The adder bites you but does no damage.
You hit the adder.
The adder is severely wounded.
You block the adder's attack. x2
You slash the adder!
You kill the adder!
Your Long Blades skill increases to level 3!
You have reached level 4!
You feel clever.
(D) Dungeon
Where to? (Enter - D:2, ? - help)
What level of the Dungeon? (default 1, ? - help) HP restored.
There is a stone staircase leading up here.
You climb upwards.
There is a stone staircase leading down here.
There is an open door here.
There is a staircase leading out of the dungeon here.
Are you sure you want to leave the Dungeon?
This will make you lose the game!
You have escaped!

##'......####......'##
#........##........#
#...##...##...##...#
#..####..##..####..#
#..####..##..####..# ##
#...##...##...##...#
.#####..................#
.#...##................## #####
......######..##@.##########...#
...#########..##..######.......#
##...##(............(..#####...#
#####..................# #...#
###...##...##...##...# #..##
####.#..####..##..####..# #.##
.....#..####..##..####..# #.#
.#####...##...##...##...# ##.#
######........##........# #..#


There were no monsters in sight!

Vanquished Creatures
  A gnoll (D:1)
  An adder (D:2)
  A dart slug (D:1)
  3 bats (D:1)
  4 endoplasms
  A giant cockroach (D:1)
  3 goblins (D:1)
  3 hobgoblins (D:1)
  3 kobolds
  2 quokkas (D:1)
  2 ball pythons
  3 frilled lizards (D:1)
  3 rats
30 creatures vanquished.

Notes
Turn   | Place    | Note
-------+----------+-------------------------------------------
     0 | D:1      | Ivernyr the Formicid Fighter began the quest for the Orb.
     0 | D:1      | Reached XP level 1. HP: 18/18 MP: 1/1
   173 | D:1      | Reached XP level 2. HP: 19/24 MP: 2/2
   407 | D:1      | Found a faded altar of an unknown god.
   407 | D:1      | Noticed a hellwing
   552 | D:1      | Reached XP level 3. HP: 29/29 MP: 3/3
   948 | D:2      | Reached XP level 4. HP: 35/37 MP: 4/4
   989 | D:$      | Got out of the dungeon alive.

Illustrated notes

Levels and vault maps discovered:
D:1:      minmay_arrival_four_loops, layout_rooms,
          dreamdust_ecumenical_altar_sealed_demon, chequers_big_river
D:2:      layout_basic, basic_altar, serial_curves, eino_curves_01,
          eino_curves_03, minmay_misc_feat_square, minivault_19

Skill      XL: |  1  2  3 |
---------------+----------+-----
Long Blades    | 3 |  3.0
Fighting       | |  3.7
Armour         | |  3.7
Shields        | |  4.4

Action                     |  1- 3 |  4- 6 || total
---------------------------+-------+-------++-------
  Melee: Long sword        |    95 |       ||    95
 Armour: Scale mail        |    55 |       ||    55
  Dodge: Dodged            |    54 |       ||    54
  Block: Buckler           |    29 |       ||    29
